Map: 코스믹 사파이어

Players

DRG - Winner!

  • Race: Zerg Zerg
  • Spawn Location: 11:00

MaNa

  • Race: Protoss Protoss
  • Spawn Location: 5:00

Event: DreamHack SC2 Masters 2022 Atlanta (Offline)

VOD

Have the link to the VOD?

Description

Time

  • Played on: Nov. 18, 2022, 6:19 p.m.
  • Length: 9:49

All games in this series

Show
View Real Time Build Order
Export as new Build Order

DRG Zerg - Winner!

Build Orders: Hatch First, Swarm Host 

Get SALT Encoding   

  12  0:00  Drone  
  13  0:12  Overlord  
  13  0:16  Drone  
  14  0:30  Drone x2  
  14  0:33  Drone  
  17  0:51  Hatchery  
  17  0:54  Drone  
  17  0:57  Drone  
  18  1:08  Extractor  
  17  1:12  Spawning Pool  
  17  1:14  Drone  
  17  1:18  Drone  
  18  1:27  Drone  
  19  1:38  Drone  
  20  1:50  Drone  
  21  1:59  Overlord  
  21  2:02  Queen x2  
  21  2:04  Zergling x2  
  26  2:10  Zergling x2  
  26  2:11  Metabolic Boost  
  26  2:14  Zergling x2  
  28  2:21  Drone  
  29  2:25  Drone  
  30  2:31  Drone  
  30  2:36  Drone  
  32  2:42  Hatchery  
  31  2:45  Queen  
  31  2:50  Overlord  
  33  2:54  Drone  
  33  2:57  Drone  
  35  3:01  Overlord  
  35  3:08  Queen  
  35  3:09  Drone  
  38  3:14  Drone  
  38  3:15  Drone  
  38  3:16  Drone  
  38  3:17  Drone  
  42  3:21  Drone  
  42  3:25  Queen  
  45  3:29  Overlord  
  45  3:31  Drone  
  46  3:34  Drone  
  46  3:40  Drone  
  48  3:45  Overlord  
  48  3:46  Queen  
  51  3:48  Drone  
  51  3:49  Drone  
  51  3:52  Spore Crawler  
  51  3:54  Drone  
  51  3:55  Drone  
  53  3:57  Drone  
  53  3:59  Drone  
  55  4:04  Drone  
  55  4:06  Drone  
  55  4:08  Spore Crawler  
  55  4:09  Drone  
  57  4:12  Drone x3  
  57  4:15  Overlord  
  60  4:17  Overlord  
  60  4:19  Drone  
  60  4:22  Overlord  
  61  4:26  Overlord  
  61  4:28  Overlord  
  61  4:35  Drone x2  
  61  4:36  Drone x4  
  61  4:37  Drone  
  68  4:39  Spore Crawler  
  68  4:40  Drone  
  68  4:43  Drone  
  69  4:45  Lair  
  69  4:46  Drone  
  69  4:48  Drone  
  69  4:49  Drone  
  72  4:53  Roach Warren  
  72  4:57  Drone  
  72  4:58  Drone  
  72  5:04  Drone x5  
  73  5:07  Drone  
  73  5:09  Drone x2, Extractor  
  73  5:10  Drone, Extractor  
  73  5:11  Drone  
  73  5:14  Drone  
  77  5:16  Drone x2  
  77  5:19  Extractor  
  77  5:20  Drone, Extractor  
  78  5:21  Drone, Extractor  
  78  5:28  Overlord  
  78  5:31  Drone  
  78  5:33  Overlord  
  79  5:36  Drone  
  79  5:37  Evolution Chamber  
  79  5:38  Drone x3  
  82  5:44  Glial Reconstitution  
  82  5:46  Overlord  
  81  5:50  Queen x2, Infestation Pit  
  81  5:53  Drone  
  85  6:04  Zerg Missile Weapons Level 1  
  85  6:05  Overlord  
  85  6:11  Drone x2  
  86  6:21  Roach x11  
  107  6:28  Evolution Chamber  
  107  6:31  Evolution Chamber  
  104  6:45  Drone  
  104  6:47  Roach x3  
  111  6:48  Roach x4  
  112  7:08  Overlord  
  107  7:09  Swarm Host x7  
  107  7:11  Overlord x2  
  128  7:16  Overlord  
  128  7:23  Overlord x2  
  128  7:28  Swarm Host x5  
  143  7:36  Overlord x2  
  143  7:40  Hatchery, Roach x4  
  146  7:52  Roach x3  
  146  7:55  Overlord x2  
  153  7:58  Zergling x10  
  153  8:02  Overlord  
  157  8:06  Ravager x5  
  157  8:11  Zergling x4  
  164  8:14  Ravager x2  
  164  8:16  Zergling x4  
  168  8:24  Zergling x10  
  171  8:31  Roach x4  
  176  8:36  Roach x2  
  176  8:39  Ravager x2  
  177  8:42  Roach  
  177  8:47  Zergling x4  
  178  8:51  Roach x3  
  175  8:58  Roach x6  
  170  9:03  Roach  
  170  9:06  Roach x3  
  168  9:11  Roach  
  168  9:15  Roach x2  
  172  9:21  Roach x5  
  172  9:32  Drone x3  
Show
View Real Time Build Order
Export as new Build Order

MaNa Protoss 

Build Orders: 1 Gate Expand, Oracle Opening 

Get SALT Encoding   

  12  0:00  Probe  
  13  0:12  Probe  
  14  0:20  Pylon  
  14  0:24  Probe  
  15  0:38  Probe (Chrono Boost)  
  16  0:45  Gateway  
  16  0:47  Probe (Chrono Boost)  
  17  0:50  Assimilator  
  17  0:52  Probe (Chrono Boost)  
  18  1:05  Probe (Chrono Boost)  
  19  1:13  Probe (Chrono Boost)  
  20  1:19  Probe  
  21  1:30  Nexus  
  21  1:41  Cybernetics Core  
  21  1:43  Probe  
  22  1:49  Assimilator  
  22  1:55  Pylon  
  22  1:58  Probe  
  23  2:13  Probe (Chrono Boost)  
  24  2:17  Stargate  
  24  2:18  Adept  
  26  2:25  Probe (Chrono Boost)  
  26  2:28  Warp Gate  
  27  2:31  Probe (Chrono Boost)  
  28  2:39  Probe  
  28  2:43  Probe  
  30  2:48  Adept  
  32  2:51  Probe  
  32  2:55  Probe  
  34  3:03  Probe  
  34  3:04  Void Ray (Chrono Boost)  
  39  3:07  Probe  
  39  3:10  Pylon  
  40  3:15  Probe  
  40  3:19  Probe  
  42  3:23  Gateway  
  42  3:28  Gateway  
  42  3:30  Probe  
  42  3:31  Oracle (Chrono Boost), Probe  
  47  3:42  Probe  
  47  3:43  Probe  
  49  3:48  Pylon  
  49  3:54  Probe  
  49  3:55  Probe  
  51  4:01  Oracle  
  54  4:06  Probe  
  54  4:07  Nexus  
  55  4:11  Probe  
  56  4:18  Probe  
  56  4:20  Twilight Council  
  56  4:22  Adept x2  
  61  4:28  Probe  
  61  4:29  Pylon  
  62  4:32  Pylon  
  62  4:41  Gateway x2  
  62  4:47  Probe  
  62  4:50  Probe  
  62  4:52  Resonating Glaives (Chrono Boost)  
  64  4:55  Gateway  
  64  4:56  Gateway  
  64  4:59  Probe  
  61  5:07  Adept x2, Probe  
  61  5:11  Probe  
  61  5:13  Shield Battery  
  67  5:19  Probe  
  68  5:21  Gateway  
  68  5:23  Probe  
  68  5:25  Gateway  
  69  5:29  Adept x2  
  69  5:30  Probe  
  69  5:32  Probe  
  75  5:35  Probe  
  75  5:36  Adept  
  75  5:38  Adept  
  75  5:42  Probe  
  81  5:46  Probe  
  81  5:47  Probe, Assimilator  
  83  5:51  Adept x2  
  83  5:52  Adept  
  83  5:55  Adept  
  91  6:04  Adept  
  91  6:07  Forge  
  91  6:08  Blink (Chrono Boost)  
  93  6:18  Pylon  
  93  6:20  Pylon x2  
  93  6:30  Pylon  
  91  6:40  Adept x4  
  91  6:41  Adept x4  
  91  6:45  Probe  
  91  6:46  Probe  
  107  6:53  Probe  
  106  6:57  Probe  
  106  6:58  Probe  
  102  7:05  Probe  
  102  7:06  Robotics Facility  
  102  7:07  Stalker x4  
  102  7:08  Zealot x4  
  115  7:13  Shield Battery  
  113  7:17  Pylon  
  113  7:19  Photon Cannon  
  113  7:21  Pylon  
  113  7:26  Probe  
  113  7:27  Probe  
  115  7:37  Stalker x4  
  121  7:50  Stalker x2  
  125  7:55  Observer (Chrono Boost)  
  125  7:56  Assimilator  
  126  8:01  Stalker  
  126  8:03  Photon Cannon, Probe  
  126  8:04  Nexus, Probe  
  126  8:05  Shield Battery  
  130  8:08  Shield Battery  
  130  8:10  Pylon  
  130  8:14  Stalker x2  
  134  8:22  Pylon x2  
  134  8:25  Pylon  
  134  8:27  Pylon  
  122  8:32  Stalker x3  
  116  8:43  Stalker x2  
  116  8:44  Zealot x3  
  126  8:50  Photon Cannon  
  118  8:55  Shield Battery  
  110  9:04  Void Ray  
  110  9:09  Stalker x2  
  94  9:30  Stalker x4  
  90  9:34  Probe x2  
  90  9:37  Shield Battery  
  90  9:38  Shield Battery x2  
  92  9:40  Shield Battery  
Tags
 
Add a new tag
Caveats
  • Supply blocks, unpowered buildings, or Contaminate may cause inaccurate times.
  • Supply counts are checked every 10 seconds.